 Dungeon Crawl Stone Soup version 0.16-a0-3661-g910cf96 (webtiles) character file.

42 Grim the Vandal (level 3, 19/24 HPs)
             Began as a Halfling Hunter on Jan 17, 2015.
             Quit the game on level 2 of the Dungeon.
             The game lasted 00:06:01 (906 turns).

Grim the Vandal (Halfling Hunter)                    Turns: 906, Time: 00:06:01

Health: 19/24      AC:  7    Str: 12    XL:     3   Next: 80%
Magic:  3/3        EV: 13    Int: 10    God:
Gold:   30         SH:  0    Dex: 15    Spells: 0 memorised, 2 levels left

rFire  + . .     SeeInvis .     b - +1 hunting sling
rCold  . . .     Clarity  .     p - +1 ring mail {rF+}
rNeg   . . .     SustAb   .     (no shield)
rPois  .         Gourm    .     (no helmet)
rElec  .         Spirit   .     (no cloak)
rCorr  .         Warding  .     k - +0 pair of gloves (curse)
rMut   .         Stasis   .     (no boots)
MR     .....                    (no amulet)
Stlth  +.........               (no ring)
                                (no ring)

@: not resistant to hostile enchantments, very unstealthy
A: mutation resistance 1
a: no special abilities


You were on level 2 of the Dungeon.
You were not hungry.

You visited 1 branch of the dungeon, and saw 2 of its levels.

You collected 30 gold pieces.

Inventory:

Hand weapons
 a - a +0 short sword
 b - a +1 hunting sling (weapon)
Missiles
 c - 6 sling bullets (quivered)
 i - 55 stones
Armour
 d - a +0 leather armour
 k - a cursed +0 pair of gloves (worn)
 p - a +1 ring mail of fire resistance (worn)
Scrolls
 e - 4 scrolls of identify {unknown}
 g - a scroll of remove curse {unknown}
 h - a scroll of magic mapping {unknown}
 l - a scroll of immolation {unknown}
 n - a scroll of teleportation {unknown}
Potions
 j - 2 potions of agility {unknown}
 m - a potion of mutation {unknown}
 q - a potion of heal wounds {unknown}
 r - a potion of magic {unknown}
Comestibles
 f - 3 bread rations
 o - 2 fruits
 s - a meat ration


   Skills:
 - Level 1.7 Fighting
 + Level 7.6 Slings
 - Level 2.1 Dodging
 - Level 1.1 Stealth


You had 2 spell levels left.
You didn't know any spells.

Dungeon Overview and Level Annotations

Branches:
Dungeon (2/15)

Altars:


Innate Abilities, Weirdness & Mutations

You are small and have problems with some larger weapons.
You are somewhat resistant to further mutation.


Message History

Aim: Terence, wielding a short sword of speed and wearing a scale mail (moderately wounded)
You shoot a sling bullet.
The sling bullet closely misses Terence.
Firing (i - inventory. (,) - cycle):
c - 9 sling bullets (quivered)
Press: ? - help, Shift-Dir - straight line, f/p - Terence
Aim: Terence, wielding a short sword of speed and wearing a scale mail (moderately wounded)
You shoot a sling bullet. The sling bullet hits Terence.
Terence is heavily wounded.
Firing (i - inventory. (,) - cycle):
c - 8 sling bullets (quivered)
Press: ? - help, Shift-Dir - straight line, f/p - Terence
Aim: Terence, wielding a short sword of speed and wearing a scale mail (heavily wounded)
You shoot a sling bullet.
The sling bullet hits Terence but does no damage.
Terence is heavily wounded.
Firing (i - inventory. (,) - cycle):
c - 7 sling bullets (quivered)
Press: ? - help, Shift-Dir - straight line, f/p - Terence
Aim: Terence, wielding a short sword of speed and wearing a scale mail (heavily wounded)
You shoot a sling bullet. The sling bullet hits Terence!
You kill Terence!
Are you sure you want to abandon this character and quit the game? (Confirm with "yes".)

..# #.# #.# #.#
#.# #.# #.## #.#
#.# #..# #.# #.#
##.# #.# #.#
##.#####.#######.#
............†....#
##..####.######..#
##.# #.# #.@# #..
#.# #..# ##.# #.#
#..# .# #.# #.(#
.# #.# #.(# .. #(#
#.(# # #.# #..#
#... .(.


There were no monsters in sight!

Vanquished Creatures
  Terence (D:2)
  A worm (D:2)
  An ooze (D:1)
  2 ball pythons (D:1)
  2 goblins (D:1)
  A hobgoblin (D:1)
  5 kobolds (D:1)
  2 bats
  4 jackals (D:1)
  5 rats
24 creatures vanquished.

Notes
Turn   | Place    | Note
--------------------------------------------------------------
     0 | D:1      | Grim, the Halfling Hunter, began the quest for the Orb.
     0 | D:1      | Reached XP level 1. HP: 14/14 MP: 1/1
   212 | D:1      | Reached skill level 6 in Slings
   358 | D:1      | Reached XP level 2. HP: 19/19 MP: 2/2
   670 | D:1      | Reached skill level 7 in Slings
   670 | D:1      | Reached XP level 3. HP: 20/24 MP: 3/3
   899 | D:2      | Noticed Terence
   905 | D:2      | Killed Terence
   906 | D:2      | Quit the game

Action                   || total
-------------------------++-------
 Fire: Hunting sling     ||    62
